 Dungeon Crawl Stone Soup version 0.30.0-29-ga12c61a403 (console) character file.

Game seed: 1318770188300361197

842 Cab the Purveyor of Pain (level 7, -2/46 HPs)
             Began as a Mummy Necromancer on June 21, 2023.
             Was an Initiate of Kikubaaqudgha.
             Slain by an iguana (7 damage)
             ... on level 5 of the Dungeon.
             The game lasted 00:49:59 (4667 turns).

Cab the Purveyor of Pain (Mummy Necromancer)        Turns: 4667, Time: 00:49:59

Health: -2/46      AC:  8    Str: 11    XL:     7   Next: 67%
Magic:  7/13       EV: 11    Int: 22    God:    Kikubaaqudgha [......]
Gold:   84         SH:  8    Dex: 13    Spells: 0/14 levels left

rFire   . . .        c - +0 short sword
rCold   + . .        n - +0 buckler of the Intense God {SInv}
rNeg    + + +        j - +2 leather armour {rF+}
rPois   ∞            (no helmet)
rElec   .            o - +0 cloak
rCorr   .            h - +0 pair of gloves
SInv    +            d - +0 pair of boots
Will    .....        k - amulet of reflection
Stlth   ++           b - +6 ring of intelligence
HPRegen 0.27/turn    (no ring)
MPRegen 0.13/turn

%: reflection, faith
@: no status effects
A: cold resistance 1, negative energy resistance 3, torment resistance 2, heat
vulnerability 1, in touch with death 1, no potions, faith
a: Renounce Religion


You were on level 5 of the Dungeon.
You worshipped Kikubaaqudgha.
Kikubaaqudgha was noncommittal.
You visited 2 branches of the dungeon, and saw 7 of its levels.

You collected 174 gold pieces.
You spent 90 gold pieces at shops.

Inventory:

Hand Weapons
 c - a +0 short sword (weapon)
Missiles
 l - a poisoned dart (quivered)
Armour
 a - a +0 robe
 d - a +0 pair of boots (worn)
 h - a +0 pair of gloves (worn)
 j - a +2 leather armour of fire resistance (worn)
 n - the +0 buckler of the Intense God (worn) {SInv}
   (You found it on level 3 of the Dungeon)

   SInv:      It lets you see invisible.
 o - a +0 cloak (worn)
Jewellery
 b - a +6 ring of intelligence (left hand)
 k - an amulet of reflection (around neck)
Scrolls
 e - a scroll of teleportation
 f - 2 scrolls of identify
 g - a scroll of amnesia {unknown}
 i - a scroll of poison {unknown}
 m - a scroll of magic mapping
 p - a scroll of blinking
 q - a scroll of brand weapon {unknown}
 r - a scroll of enchant weapon {unknown}
 s - a scroll of fear {unknown}


   Skills:
 - Level 1.5 Dodging
 - Level 1.5 Stealth
 + Level 0.2 Shields
 + Level 4.0 Spellcasting
 * Level 9.2 Necromancy


You couldn't memorise any spells.
You knew the following spells:

 Your Spells              Type           Power      Damage    Failure   Level
a - Necrotise             Necr           100%       1d9       1%          1
b - Dispel Undead         Necr           61%        3d21      4%          4
c - Animate Dead          Necr           61%        N/A       4%          4
d - Agony                 Necr           61%        N/A       14%         5

Your spell library contained the following spells:

 Spells                   Type           Power      Damage    Failure   Level
 Vampiric Draining        Necr           61%        2d10      1%          3
 Kiss of Death            Conj/Necr      100%       2d13      3%          1
 Summon Small Mammal      Summ           16%        N/A       22%         1
 Call Canine Familiar     Summ           4%         N/A       54%         3
 Confusing Touch          Hex            4%         N/A       54%         3
 Summon Guardian Golem    Hex/Summ       4%         N/A       54%         3
 Petrify                  Tmut/Erth      4%         N/A       91%         4
 Irradiate                Conj/Tmut      2%         3d12      99%         5
 Orb of Destruction       Conj           2%         9d5       100%        7
 Spellforged Servitor     Conj/Summ      2%         N/A       100%        7
 Sublimation of Blood     Necr           Unusable   N/A       N/A         2

Dungeon Overview and Level Annotations

Branches:
Dungeon (6/15)             Temple (1/1) D:4

Altars:
Ashenzari
Dithmenos
Gozag
Hepliaklqana
Kikubaaqudgha
Makhleb
Okawaru
Qazlal
Vehumet
Wu Jian
Xom
Yredelemnul

Shops:
D:2 ?   D:3 *   D:4 *(   D:5 ?

Annotations:
D:5 Grinder


Innate Abilities, Weirdness & Mutations

You are immune to poison.
Your flesh is cold resistant. (rC+)
You are immune to negative energy. (rN+++)
You are immune to unholy pain and torment.
You are vulnerable to heat. (rF-)
You are in touch with the powers of death.
You do not drink.
You have a special connection with the divine. (Faith)


Message History

Here: Grinder (heavily wounded)
The floor.
The iguana hisses angrily.
You hit Grinder.
Grinder is severely wounded.
You block Grinder's attack.
You hit Grinder.
Grinder is severely wounded.
You block Grinder's attack.
You hit Grinder but do no damage.
Grinder is severely wounded.
Grinder barely misses you. x2
You hit Grinder.
Grinder is severely wounded.
Grinder barely misses you.
You hit Grinder.
Grinder is severely wounded.
You block Grinder's attack.
You hit Grinder but do no damage.
Grinder is severely wounded.
Grinder blinks!
The iguana bites you!
* * * LOW HITPOINT WARNING * * *
Press: ? - help, v - describe, . - travel
Here: an iguana The floor.
Casting: Necrotise (safe; 1% risk of failure)
Confirm with . or Enter, or press ? or * to list all spells.
Aiming: Necrotise (safe; 1% risk of failure)
Press: ? - help, Shift-Dir - straight line, f - iguana, p - Grinder
Aim: an iguana (chance to affect: 88%)
You feel a surge of power!
The iguana writhes in agony!
You block the iguana's attack.
Casting: Necrotise (safe; 1% risk of failure)
Confirm with . or Enter, or press ? or * to list all spells.
Aiming: Necrotise (safe; 1% risk of failure)
Press: ? - help, Shift-Dir - straight line, f/p - iguana
Aim: an iguana (moderately wounded, chance to affect: 88%)
You feel a surge of power!
The iguana barely resists.
The iguana bites you!
You die...
Kikubaaqudgha rasps: "You have failed me!
Welcome... oblivion!" ▒∙∙ ▒∙▒ ▒ ▒∙▒ ▒ ▒∙▒ ▒▒▒ ▒▒▒▒▒∙▒ ▒∙▒ ∙∙∙ >∙∙∙∙∙▒ ▒∙▒ ▒ ∙▒∙∙∙∙▒▒▒▒▒▒▒▒▒▒▒▒▒▒▒▒▒▒∙▒▒▒▒▒▒▒▒ ∙∙∙∙∙∙∙∙∙∙∙∙∙∙∙l@∙(()∙∙∙(∙∙∙∙∙∙∙∙

∙∙∙∙∙▒▒▒▒∙∙∙∙∙∙∙5▒▒▒▒▒▒▒▒▒▒▒▒▒▒▒∙
∙∙∙∙∙▒ ▒∙∙∙∙∙∙∙∙▒ ▒∙ ∙▒∙∙∙!∙
▒∙∙∙∙∙∙∙∙▒ ▒∙ ∙∙∙∙∙∙∙∙▒∙∙∙∙∙∙∙∙▒
▒∙ ∙∙∙∙∙∙∙∙∙∙∙!▒▒▒▒▒▒ ▒∙
▒∙[∙∙∙∙∙∙▒ ▒▒▒ ▒∙∙∙∙∙∙∙∙▒ ∙∙∙
▒∙∙∙∙∙∙▒▒▒ ∙∙∙


You could see Grinder and an iguana.

Vanquished Creatures
  Menkaure (D:4)
  A water moccasin (D:4)
  An ogre (D:4)
  A scorpion (D:5)
  4 wights (D:5)
  2 hounds (D:5)
  2 orc priests (D:3)
  An orc wizard (D:3)
  3 adders (D:3)
  A shadow imp (D:3)
  An ufetubus (D:2)
  A dart slug (D:3)
  10 orcs
  4 ball pythons
  3 endoplasms
  4 giant cockroaches
  3 goblins
  6 hobgoblins
  4 jackals (D:2)
  11 kobolds
  2 quokkas (D:1)
  5 bats
  7 rats
78 creatures vanquished.

Vanquished Creatures (collateral kills)
  An orc (D:3)
  2 endoplasms
  A ball python (D:1)
4 creatures vanquished.

Vanquished Creatures (others)
  An orc wizard (D:3)
  A bat zombie (D:3)
2 creatures vanquished.

Grand Total: 84 creatures vanquished

Notes
Turn   | Place    | Note
-------+----------+-------------------------------------------
     0 | D:1      | Cab the Mummy Necromancer began the quest for the Orb.
     0 | D:1      | Reached XP level 1. HP: 13/13 MP: 4/4
    70 | D:1      | Reached XP level 2. HP: 13/19 MP: 0/5
   743 | D:2      | Reached skill level 5 in Necromancy
   745 | D:2      | Gained mutation: You are in touch with the powers of death.
                  | [Mummy growth]
   745 | D:2      | Reached XP level 3. HP: 19/24 MP: 1/7
  1009 | D:2      | Found Ysutuona's Magic Scroll Boutique.
  1511 | D:3      | Found Zin's Purification Station.
  1561 | D:3      | Reached XP level 4. HP: 26/30 MP: 5/8
  1644 | D:2      | Learned a level 4 spell: Dispel Undead
  1656 | D:3      | Reached skill level 6 in Necromancy
  1742 | D:3      | Reached XP level 5. HP: 32/35 MP: 0/9
  1768 | D:3      | Learned a level 4 spell: Animate Dead
  2246 | D:3      | You fall into a shaft and drop 2 floors!
  2246 | D:5      | Entered Level 5 of the Dungeon
  2272 | D:5      | Found Juriuv's Magic Scroll Shop.
  2293 | D:4      | Noticed a water moccasin
  2483 | D:3      | Identified the +0 buckler of the Intense God {SInv}
  2608 | D:2      | Bought a scroll of blinking for 90 gold pieces
  2708 | D:4      | Killed a water moccasin
  2709 | D:4      | Reached skill level 7 in Necromancy
  2709 | D:4      | Reached XP level 6. HP: 41/41 MP: 2/10
  2779 | D:4      | Found a staircase to the Ecumenical Temple.
  2792 | Temple   | Entered the Ecumenical Temple
  3095 | Temple   | Became a worshipper of Kikubaaqudgha
  3431 | D:5      | Reached skill level 8 in Necromancy
  3669 | D:4      | Noticed Menkaure
  3674 | D:4      | Killed Menkaure
  3675 | D:4      | Reached XP level 7. HP: 46/46 MP: 6/12
  3742 | D:4      | Found Tix Pepn's Assorted Antiques.
  3888 | D:4      | Found Ostot's Weapon Emporium.
  4235 | D:5      | Noticed Grinder
  4455 | D:5      | Reached skill level 9 in Necromancy
  4474 | D:5      | Learned a level 5 spell: Agony
  4601 | D:5      | Paralysed by Grinder for 5 turns
  4608 | D:5      | Paralysed by Grinder for 3 turns
  4619 | D:5      | Paralysed by Grinder for 4 turns
  4667 | D:5      | Slain by an iguana

Illustrated notes

Levels and vault maps discovered:
D:1:      nicolae_arrival_somewhat_less_tricky_arrival, layout_rooms
D:2:      wad_crossroads, layout_basic, serial_shops, nicolae_shop_trees
D:3:      layout_rooms, zin_purify, st_stairs_6
D:4:      layout_basic, temple_fountains, serial_shops,
          nicolae_shop_bloodbath_and_beyond, kennysheep_mini_moat, uniq_menkaure
D:5:      minmay_bubble_buster, layout_basic, marbit_many_paths, serial_shops,
          nicolae_shop_stone, uniq_grinder, uniq_prince_ribbit1
D:6:      lemuel_ratsnest, layout_layer_cave, nemelex_xobeh_ov_fountains_minmay,
          fedhas_altar_1, mainiacjoe_overflow_alcove_2,
          nicolae_ossuary_entry_giza, hangedman_decor_points,
          minmay_lizard_king, uniq_eustachio
Temple:   compressed_dpeg_triangle_lava_temple

Skill      XL: |  1  2  3  4  5  6  7 |
---------------+----------------------+-----
Necromancy     | 5 6 7 8 9 |  9.2
Spellcasting   | 3 4 |  4.0
Dodging        | |  1.5
Stealth        | |  1.5
Shields        | |  0.2

Action                     |  1- 3 |  4- 6 |  7- 9 || total
---------------------------+-------+-------+-------++-------
  Melee: Unarmed           |    24 |       |       ||    24
         Short sword       |    40 |    35 |    32 ||   107
         Punch             |     1 |       |       ||     1
  Throw: Dart              |       |     2 |     4 ||     6
   Cast: Necrotise         |    58 |    55 |    20 ||   133
         Animate Dead      |       |     1 |       ||     1
         Dispel Undead     |       |     3 |     2 ||     5
    Use: Scroll            |       |     1 |     1 ||     2
 Armour: Robe              |    33 |     6 |       ||    39
         Leather armour    |       |     5 |    14 ||    19
  Dodge: Dodged            |   117 |    22 |    17 ||   156
  Block: Other             |       |     5 |       ||     5
         Buckler           |       |     2 |    22 ||    24
         Reflection        |       |     2 |     1 ||     3
